 Dungeon Sprint DCSS version 0.26-a0-1033-gd598b01645 (webtiles) character file.

Game seed: 11826514876923088160

2274 mhtbhm the Basher (level 9, -5/100 HPs)
             Began as a Troll Berserker on Dec 10, 2020.
             Was a High Priest of Trog.
             Slain by a seven-headed hydra (8 damage)
             ... while petrified by a basilisk
             ... in the Dungeon (Sprint IX: "|||||||||||||||||||||||||||||").
             The game lasted 00:01:31 (598 turns).

mhtbhm the Basher (Troll Berserker)                  Turns: 598, Time: 00:01:32

Health: -5/100     AC: 11    Str: 30    XL:     9   Next: 16%
Magic:  8/8        EV:  1    Int:  3    God:    Trog [*****.]
Gold:   16         SH:  0    Dex:  9    Spells: 8/8 levels left

rFire    . . .     SeeInvis .   a - +3 dire flail (flame)
rCold    . . .     Faith    .   (shield currently unavailable)
rNeg     + + +     Spirit   .   b - +0 animal skin
rPois    ∞         Reflect  .   (helmet restricted)
rElec    .         Harm     .   l - +0 cloak
rCorr    .         Rampage  .   (gloves unavailable)
Will     .....     NoTele   +   (boots unavailable)
Stlth    +.........             (no amulet)
HPRegen  0.66/turn              m - +2 ring of protection
MPRegen  0.11/turn              n - +2 ring of protection

@: petrified, berserk cooldown, slowed
A: large, unfitting armour, claws 3, regeneration 1, shaggy fur 1, tough skin 3
a: Berserk, Trog's Hand, Brothers in Arms, Renounce Religion


You were in the Dungeon.
You worshipped Trog.
Trog was extremely pleased with you.
You visited 1 branch You collected 16 gold pieces.

Inventory:

Hand Weapons
 a - a +3 dire flail of flaming (weapon)
Armour
 b - a +0 animal skin (worn)
 l - a +0 cloak (worn)
Jewellery
 m - a +2 ring of protection (left claw)
 n - a +2 ring of protection (right claw)
Wands
 k - a wand of acid (9)
Scrolls
 h - 2 scrolls of blinking
 j - 3 scrolls of remove curse
 o - 4 scrolls of fear
 p - 2 scrolls of enchant weapon
 q - a scroll of identify
Potions
 c - 5 potions of curing
 d - 9 potions of heal wounds
 e - a potion of haste
 f - 4 potions of magic
 g - a potion of berserk rage
 i - a potion of invisibility


   Skills:
 + Level 9.4 Fighting
 + Level 13.2 Maces & Flails
 + Level 9.4 Dodging
 + Level 0.3 Stealth


You had 8 spell levels left.
You didn't know any spells.
Your spell library was empty.

Dungeon Overview and Level Annotations

Branches:
Dungeon (1/1)

Altars:
Cheibriados
Dithmenos
Elyvilon
Fedhas
Gozag
Hepliaklqana
Kikubaaqudgha
Makhleb
Nemelex Xobeh
Okawaru
Qazlal
Ru
Sif Muna
Trog
Uskayaw
Vehumet
Wu Jian
Xom
Yredelemnul
Zin
The Shining One
Beogh
Jiyva
Lugonu


Innate Abilities, Weirdness & Mutations

You are too large for most types of armour.
You have claws for hands.
Your natural rate of healing is unusually fast.
You are covered in fur. (AC +1)
You have extremely tough skin. (AC +3)


Message History

You feel a strong urge to attack something.
You are no longer berserk.
You are exhausted.
You feel as though you will be slow longer.
You have turned to stone.
The seven-headed hydra bites you!
* * * LOW HITPOINT WARNING * * *
The seven-headed hydra bites you but does no damage.
The seven-headed hydra bites you!
* * * LOW HITPOINT WARNING * * *
The seven-headed hydra bites you.
* * * LOW HITPOINT WARNING * * *
The seven-headed hydra bites you but does no damage.
The seven-headed hydra bites you!
* * * LOW HITPOINT WARNING * * *
The seven-headed hydra bites you but does no damage.
The basilisk hisses menacingly.
The seven-headed hydra bites you but does no damage.
The seven-headed hydra bites you!
You die...

▓.▓.▓_▓
▓F▓.▓_▓
▓F▓.▓_▓
▓w▓.▓_▓
▓.▓.▓_▓
▓F▓.▓_▓
▓l▓.▓_▓
▓D▓.▓_▓
▓@▓.▓_▓
▓.▓.▓_▓
▓.▓.▓'▓
▓.▓.▓.▓
▓|▓.▓.▓
▓)▓.▓.▓
▓!▓.▓.▓
▓.▓.▓)▓
▓.▓.▓)▓


You could see a seven-headed hydra, a torpor snail, a cane toad, a basilisk and
2 bullfrogs.

Vanquished Creatures
  A hydra (D)
  A two-headed ogre (D)
  An unseen horror (D)
  A troll (D)
  A vampire mosquito (D)
  A sky beast (D)
  2 big kobolds (D)
  A bullfrog (D)
  4 orc wizards (D)
  A worker ant (D)
  A leopard gecko (D)
  2 orcs (D)
  2 bat skeletons (D)
  A hobgoblin (D)
  A kobold (D)
  3 rats (D)
24 creatures vanquished.

Notes
Turn   | Place    | Note
-------+----------+-------------------------------------------
     0 | D        | mhtbhm the Troll Berserker began the quest for the Orb.
     0 | D        | Reached XP level 1. HP: 22/22 MP: 0/0
     8 | D        | Reached skill level 3 in Maces & Flails
     8 | D        | Reached ** piety under Trog
   131 | D        | Noticed a sky beast
   131 | D        | Noticed an orc wizard
   141 | D        | Killed an orc wizard
   141 | D        | Reached *** piety under Trog
   142 | D        | Reached skill level 4 in Maces & Flails
   142 | D        | Reached XP level 2. HP: 32/32 MP: 1/1
   142 | D        | Reached XP level 3. HP: 39/39 MP: 2/2
   144 | D        | Killed a sky beast
   145 | D        | Reached skill level 6 in Maces & Flails
   145 | D        | Reached skill level 5 in Dodging
   145 | D        | Reached XP level 4. HP: 49/49 MP: 3/3
   147 | D        | Reached **** piety under Trog
   177 | D        | Found a roughly hewn altar of Beogh.
   177 | D        | Found a snail-covered altar of Cheibriados.
   177 | D        | Found a shadowy altar of Dithmenos.
   177 | D        | Found a white marble altar of Elyvilon.
   177 | D        | Found a blossoming altar of Fedhas.
   177 | D        | Found an opulent altar of Gozag.
   178 | D        | Found a hazy altar of Hepliaklqana.
   179 | D        | Found a viscous altar of Jiyva.
   180 | D        | Found an ancient bone altar of Kikubaaqudgha.
   181 | D        | Found a corrupted altar of Lugonu.
   182 | D        | Found a burning altar of Makhleb.
   183 | D        | Found a sparkling altar of Nemelex Xobeh.
   184 | D        | Found an iron altar of Okawaru.
   185 | D        | Found a stormy altar of Qazlal.
   186 | D        | Found a sacrificial altar of Ru.
   187 | D        | Found a shimmering blue altar of Sif Muna.
   188 | D        | Found a bloodstained altar of Trog.
   189 | D        | Found a hide-covered altar of Uskayaw.
   190 | D        | Found a radiant altar of Vehumet.
   191 | D        | Found an ornate altar of the Wu Jian Council.
   192 | D        | Found a shimmering altar of Xom.
   193 | D        | Found a basalt altar of Yredelemnul.
   194 | D        | Found a glowing silver altar of Zin.
   195 | D        | Found a glowing golden altar of the Shining One.
   238 | D        | Noticed a two-headed ogre
   246 | D        | Killed a two-headed ogre
   247 | D        | Reached skill level 10 in Maces & Flails
   247 | D        | Reached XP level 5. HP: 63/63 MP: 4/4
   247 | D        | Reached XP level 6. HP: 72/72 MP: 5/5
   247 | D        | Reached XP level 7. HP: 79/79 MP: 6/6
   257 | D        | Killed an unseen horror
   257 | D        | Reached ***** piety under Trog
   258 | D        | Reached skill level 11 in Maces & Flails
   264 | D        | Reached XP level 8. HP: 67/88 MP: 7/7
   376 | D        | Noticed a troll
   383 | D        | Killed a troll
   390 | D        | Reached skill level 12 in Maces & Flails
   393 | D        | Received a gift from Trog
   582 | D        | Noticed a seven-headed hydra
   582 | D        | Noticed a cane toad
   582 | D        | Noticed an eight-headed hydra
   586 | D        | Noticed a torpor snail
   587 | D        | Killed an eight-headed hydra
   588 | D        | Reached skill level 13 in Maces & Flails
   588 | D        | Reached XP level 9. HP: 25/98 MP: 8/8
   597 | D        | HP: 2/100 [seven-headed hydra (4)]
   598 | D        | Slain by a seven-headed hydra

Illustrated notes

Levels and vault maps discovered:
D:        linesprint [early_d, line_temple, items_1, d_10, items_2, lair_1,
          lair_end, items_3, orc_1, orc_end, items_4, d_15, swamp_1, shoals_1,
          snake_1, spider_1, d_20, vaults_1, items_5, swamp_end, shoals_end,
          snake_end, spider_end, vaults_end, d_27, items_6, zot_1, zot_end,
          crypt_end, forest_end, elf_end, slime_end, tomb_end, abyss_end,
          pan_hell_end]

Skill      XL: |  1  2  3  4  5  6  7  8 |
---------------+-------------------------+-----
Maces & Flails | 4 6 10 11 13 | 13.2
Dodging        | 3 5 7 8 9 |  9.4
Fighting       | 3 4 7 8 9 |  9.4
Stealth        | |  0.3

Action                   |  1- 3 |  4- 6 |  7- 9 || total
-------------------------+-------+-------+-------++-------
Melee: Mace              |    32 |     3 |       ||    35
       Morningstar       |       |     7 |    30 ||    37
       Dire flail        |       |       |    11 ||    11
Invok: Berserk           |     1 |     1 |     2 ||     4
Evoke: Wand              |       |       |     1 ||     1
Armor: Animal skin       |    12 |     1 |    25 ||    38
Dodge: Dodged            |    14 |     6 |    20 ||    40

Table legend: (Time is in decaauts)
 A = Elapsed time spent in this place.
 B = Non-inter-level travel time spent in this place.
 C = Inter-level travel time spent in this place.
 D = Time resting spent in this place.
 E = Time spent auto-exploring this place.
 F = Levels seen in this place.
 G = Mean time per level.
                   A        B        C        D        E       F      G
               +--------+--------+--------+--------+--------+-----+--------+
         Total |    630 |    630 |      0 |    299 |    107 |   1 |  630.0 |
       Dungeon |    630 |    630 |      0 |    299 |    107 |   1 |  630.0 |
               +--------+--------+--------+--------+--------+-----+--------+

Top non-repeatable levels by time:
       D: 630 daAuts
